 Dungeon Crawl Stone Soup version 0.30.0-10-gfe55d96785 (webtiles) character file.

Game seed: 15430576828643767959

1337 monsoonserge the Chopper (level 9, -1/70 HPs)
             Began as a Meteoran Hedge Wizard on May 13, 2023.
             Slain by Menkaure (9 damage)
             ... on level 5 of the Dungeon on May 14, 2023.
             The game lasted 00:27:45 (2650 turns).

monsoonserge the Chopper (Meteoran Hedge Wizard)    Turns: 2650, Time: 00:27:47

Health: -1/70      AC: 10    Str: 11    XL:     9   Next: 15%
Magic:  13/16      EV: 17    Int: 23    God:
Gold:   208        SH:  0    Dex: 15    Spells: 8/16 levels left

rFire   . . .        y - +0 hand axe (vamp)
rCold   . . .        (no shield)
rNeg    . . .        A - +1 ring mail of the Bull {Int+3}
rPois   .            r - +2 helmet
rElec   .            (no cloak)
rCorr   .            (no gloves)
SInv    .            (no boots)
Will    +....        (no amulet)
Stlth   +            p - +5 ring of evasion
HPRegen 0.31/turn    (no ring)
MPRegen 0.15/turn

%: no passive effects
@: glowing
A: sense surroundings 2, otherworldly, glowing, explore regen
a: no special abilities


You were on level 5 of the Dungeon.
You visited 1 branch of the dungeon, and saw 5 of its levels.
You also visited: Sewer.

You collected 208 gold pieces.

Inventory:

Hand Weapons
 a - a +0 dagger
 j - a +0 falchion
 s - a +0 long sword
 y - a +0 vampiric hand axe (weapon)
 z - a +1 heavy flail
Missiles
 k - 2 atropa-tipped darts
 E - 13 poisoned darts
Armour
 b - a +0 robe
 c - a +0 hat
 e - a +0 leather armour
 m - a +0 helmet
 r - a +2 helmet (worn)
 A - the +1 ring mail of the Bull (worn) {Int+3}
   (You found it in a sewer)

   Int:       It affects your intelligence (+3).
 F - the +3 chain mail of Conscience {rPois Str-4 Dex+2}
   (You found it on level 4 of the Dungeon)

   Str:       It affects your strength (-4).
   Dex:       It affects your dexterity (+2).
   rPois:     It protects you from poison.
Jewellery
 p - a +5 ring of evasion (left hand)
Scrolls
 g - a scroll of vulnerability {unknown}
 i - a scroll of poison {unknown}
 l - a scroll of summoning {unknown}
 q - 2 scrolls of identify {unknown}
 t - 5 scrolls of teleportation {unknown}
 u - a scroll of magic mapping {unknown}
 w - a scroll of immolation {unknown}
 C - a scroll of fear {unknown}
 D - a scroll of noise {unknown}
 G - 3 scrolls of amnesia {unknown}
 H - 2 scrolls of enchant weapon {unknown}
Potions
 d - 2 potions of magic
 f - 2 potions of curing {unknown}
 h - a potion of flight {unknown}
 n - 2 potions of attraction {unknown}
 o - 3 potions of haste {unknown}
 v - a potion of heal wounds
 x - 3 potions of degeneration {unknown}
 B - a potion of might {unknown}
 I - a potion of mutation {unknown}


   Skills:
 + Level 3.2 Fighting
 + Level 0.4(1.0) Short Blades
 + Level 1.3(1.4) Long Blades
 + Level 5.3 Axes
 * Level 4.7 Armour
 + Level 5.1 Dodging
 + Level 1.8 Stealth
 - Level 4.0 Spellcasting
 * Level 3.0 Conjurations
 + Level 4.4 Summonings
 - Level 4.0 Translocations
 * Level 1.4 Air Magic
 * Level 1.4 Poison Magic


You had 8 spell levels left.
You knew the following spells:

 Your Spells              Type           Power      Damage    Failure   Level
a - Magic Dart            Conj           72%        1d6       6%          1
b - Blink                 Tloc           46%        N/A       7%          2
c - Call Imp              Summ           50%        N/A       5%          2
d - Mephitic Cloud        Conj/Pois/Air  13%        N/A       30%         3

Your spell library contained the following spells:

 Spells                   Type           Power      Damage    Failure   Level
 Slow                     Hex            16%        N/A       22%         1
 Cigotuvi's Dreadful Rot  Necr/Pois/Air  16%        N/A       24%         2


Dungeon Overview and Level Annotations

Branches:
Dungeon (5/15) Zot: 571     Sewer (visited)
 Temple: D:4-7

Altars:
Okawaru
Vehumet

Annotations:
D:3 exclusion: statue
D:5 Menkaure


Innate Abilities, Weirdness & Mutations

You passively map the area around you.
You are easily found by Zot.
You glow in the dark.
You regain HP and MP as you explore.


Message History

The orc hits you but does no damage.
Your cerulean imp hits the scorpion from afar with a -2 spear.
The scorpion dies!
Your Conjurations skill increases to level 3!
Sorry, you're not good enough to have a special ability.
Cast which spell? (? or * to list)
Okay, then.
Cast which spell? (? or * to list)
Aiming: Magic Dart (safe; 6% risk of failure)
Press: ? - help, Shift-Dir - straight line, f - Menkaure
Aim: Menkaure (100% to hit)
The magic dart hits Menkaure.
Menkaure is lightly damaged.
You feel sick. The orc hits you but does no damage.
Your cerulean imp hits the orc but does no damage.
Casting: Magic Dart (safe; 6% risk of failure)
Confirm with . or Enter, or press ? or * to list all spells.
Aiming: Magic Dart (safe; 6% risk of failure)
Press: ? - help, Shift-Dir - straight line, f/p - Menkaure
Aim: Menkaure (lightly damaged, 100% to hit)
The magic dart hits Menkaure.
Menkaure is moderately damaged.
You feel sick. The orc hits you but does no damage.
Your cerulean imp hits the orc from afar with a -2 spear.
Casting: Magic Dart (safe; 6% risk of failure)
Confirm with . or Enter, or press ? or * to list all spells.
Aiming: Magic Dart (safe; 6% risk of failure)
Press: ? - help, Shift-Dir - straight line, f/p - Menkaure
Aim: Menkaure (moderately damaged, 100% to hit)
The magic dart hits Menkaure but does no damage.
Menkaure is moderately damaged.
You feel sick. The orc misses you.
Your cerulean imp hits the orc from afar with a -2 spear.
You hit Menkaure but do no damage.
Menkaure is moderately damaged.
You feel sick.
You are no longer poisoned.
The orc closely misses you.
Your cerulean imp misses the orc.
Menkaure hits you!
You die...

,, * ..)...... ** * , *
##..........#.# #
#.............. , ,
,..*...............* ,
,,... ..............# ,
.... #...#........## ,
.....#.).#.........# ,
......)...........## * ,
,,......M@5..!.......#
** ,
,.........†)............
⌠ ,
..........o............
,,
......................#
*
..................#.##*
, , ,.............#..# ,
, #.....###.####.... ,
#...!# #...######... , ,
*##.# ##....# #. ,


You could see Menkaure, an orc (ally target) and a friendly cerulean imp
(summoned).

Vanquished Creatures
  A centaur (D:5)
  2 phantoms (D:4)
  A kobold brigand (Sewer)
  A scorpion (D:4)
  A bullfrog zombie (D:4)
  A centaur zombie (D:4)
  A hound (D:5)
  A jelly (D:5)
  3 bullfrog skeletons (D:4)
  An iguana (D:4)
  A scorpion zombie (D:4)
  Natasha (twice) (D:4)
  5 hound zombies (D:4)
  3 adders
  A white imp (D:5)
  An adder skeleton (D:4)
  2 dart slugs
  7 orcs
  10 ball pythons
  8 endoplasms
  3 giant cockroaches
  5 goblins
  4 hobgoblins
  4 jackals (D:1)
  8 kobolds
  3 quokkas
  6 bats
  10 rats
96 creatures vanquished.

Vanquished Creatures (collateral kills)
  A black bear (D:5)
  An ogre (D:5)
  A phantom (D:4)
  A scorpion (D:5)
  A water moccasin zombie (D:4)
  A hound (D:4)
  A centaur skeleton (D:4)
  Natasha (D:4)
  2 adders
  2 worms (D:3)
  A ball python (D:2)
  2 bats
  3 jackals (D:1)
  5 kobolds
  A frilled lizard (Sewer)
  2 rats (D:3)
26 creatures vanquished.

Vanquished Creatures (others)
  An orc (D:5)
1 creature vanquished.

Grand Total: 123 creatures vanquished

Notes
Turn   | Place    | Note
-------+----------+-------------------------------------------
     0 | D:1      | monsoonserge the Meteoran Hedge Wizard began the quest for
                  | the Orb.
     0 | D:1      | Reached XP level 1. HP: 14/14 MP: 6/6
   128 | D:1      | Reached skill level 1 in Armour
   128 | D:1      | Reached XP level 2. HP: 14/20 MP: 0/8
   132 | D:1      | Learned a level 2 spell: Blink
   135 | D:1      | Learned a level 2 spell: Call Imp
   252 | D:1      | Reached XP level 3. HP: 10/26 MP: 2/9
   346 | D:1      | Learned a level 3 spell: Mephitic Cloud
   500 | D:1      | Glimpsed the power of Zot.
   846 | D:2      | Reached XP level 4. HP: 27/33 MP: 2/11
  1307 | D:3      | Reached skill level 1 in Long Blades
  1342 | D:3      | Reached XP level 5. HP: 26/39 MP: 9/12
  1437 | D:3      | Found a glowing drain.
  1452 | Sewer    | Entered a sewer
  1610 | Sewer    | Identified the +1 ring mail of the Bull {Int+3}
  1705 | Sewer    | Noticed a kobold brigand
  1720 | Sewer    | Killed a kobold brigand
  1721 | Sewer    | Reached skill level 1 in Fighting
  1721 | Sewer    | Reached skill level 1 in Axes
  1721 | Sewer    | Reached XP level 6. HP: 44/47 MP: 13/13
  1764 | D:3      | Found a radiant altar of Vehumet.
  1944 | D:4      | Reached XP level 7. HP: 51/53 MP: 14/14
  2061 | D:4      | Identified the +3 chain mail of Conscience {rPois Str-4
                  | Dex+2}
  2123 | D:4      | Found an iron altar of Okawaru.
  2166 | D:4      | Reached XP level 8. HP: 53/62 MP: 15/15
  2363 | D:4      | Noticed Natasha
  2373 | D:4      | Killed Natasha
  2374 | D:4      | Reached skill level 1 in Air Magic
  2396 | D:4      | Noticed Natasha
  2406 | D:4      | Killed Natasha
  2431 | D:4      | Reached skill level 1 in Poison Magic
  2490 | D:4      | Noticed Natasha
  2502 | D:4      | Killed Natasha
  2524 | D:4      | Glimpsed the power of Zot.
  2545 | D:5      | Entered Level 5 of the Dungeon
  2598 | D:5      | Upgraded the game from 0.30.0-5-g1a98f26d00 to
                  | 0.30.0-10-gfe55d96785
  2627 | D:5      | Reached skill level 5 in Axes
  2627 | D:5      | Gained mutation: You passively map the area around you.
                  | [Meteoran growth]
  2627 | D:5      | Reached XP level 9. HP: 66/69 MP: 16/16
  2631 | D:5      | Reached skill level 5 in Dodging
  2639 | D:5      | Noticed Menkaure
  2650 | D:5      | Slain by Menkaure

Illustrated notes

Levels and vault maps discovered:
D:1:      dpeg_arrival_fog, layout_basic
D:2:      layout_basic
D:3:      layout_basic, vehumet_statue, portal_sewer_entry_a, minmay_puff
D:4:      cheibrodos_quashed, layout_basic, okawaru_metal_pillars_1_2,
          serial_undead, serial_undead_f, serial_undead_d, serial_undead_e,
          serial_undead_c, serial_undead_a, serial_undead_f, uniq_natasha
D:5:      layout_cave_pools, trog_butcher_becter,
          minmay_temple_entry_drinking_statues, gammafunk_ghost_arena,
          uniq_menkaure

Skill      XL: |  1  2  3  4  5  6  7  8  9 |
---------------+----------------------------+-----
Armour         | 1 2 4 |  4.7
Dodging        | 3 4 5 |  5.1
Translocations | 2 3 4 |  4.0
Summonings     | 2 3 4 |  4.4
Long Blades    | 1 |  1.3
Fighting       | 1 2 3 |  3.2
Axes           | 1 2 3 5 |  5.3
Air Magic      | 1 |  1.4
Conjurations   | 2 3 |  3.0
Poison Magic   | 1 |  1.4
Short Blades   | |  0.4
Stealth        | |  1.8
Spellcasting   | |  4.0

Action                     |  1- 3 |  4- 6 |  7- 9 || total
---------------------------+-------+-------+-------++-------
  Melee: Dagger            |    63 |       |       ||    63
         Punch             |     1 |     2 |     7 ||    10
         Falchion          |    13 |     4 |       ||    17
         Long sword        |       |    43 |       ||    43
         Hand axe          |       |    99 |   256 ||   355
   Cast: Magic Dart        |    51 |    15 |    10 ||    76
         Call Imp          |     9 |    10 |     7 ||    26
         Blink             |     2 |     1 |     2 ||     5
   Stab: Distracted        |       |       |     2 ||     2
 Armour: Leather armour    |    49 |    30 |       ||    79
         Ring mail         |       |    39 |   148 ||   187
  Dodge: Dodged            |    56 |   126 |   262 ||   444
